 Dungeon Crawl Stone Soup version 0.29.0-4-gdea44cf6ec (webtiles) character file.

Game seed: 13648204923280687030

252 qw the Chopper (level 6, 0/39 HPs)
             Began as a Gargoyle Berserker on Sept 6, 2022.
             Was a Believer of Trog.
             Slain by Sigmund
             ... wielding a +0 scythe
              (8 damage)
             ... on level 4 of the Dungeon.
             The game lasted 00:01:15 (3428 turns).

qw the Chopper (Gargoyle Berserker)                 Turns: 3428, Time: 00:01:16

Health: 0/39       AC: 12    Str: 26    XL:     6   Next: 14%
Magic:  6/6        EV: 11    Int:  7    God:    Trog [**....]
Gold:   159        SH:  0    Dex:  6    Spells: 5/5 levels left

rFire   . . .      SeeInvis .   Y - +0 hand axe
rCold   . . .      Faith    .   (no shield)
rNeg    + . .      Spirit   .   d - +3 ring mail
rPois   inf        Reflect  .   (no helmet)
rElec   +          Harm     .   (no cloak)
rCorr   .          Rampage  .   (no gloves)
Will    .....                   (no boots)
Stlth   ..........              (no amulet)
HPRegen 0.13/turn               (no ring)
MPRegen 0.10/turn               (no ring)

@: on berserk cooldown, slowed, very slow
A: sickness immunity, AC +4, negative energy resistance 1, electricity
resistance, torment resistance 1, petrification resistance, clumsy 1, strong 1,
wild magic 1, MP-powered wands, noise suppression
a: Renounce Religion, Berserk, Trog's Hand


You were on level 4 of the Dungeon.
You worshipped Trog.
Trog was pleased with you.
You visited 1 branch of the dungeon, and saw 4 of its levels.

You collected 159 gold pieces.


Innate Abilities, Weirdness & Mutations

You are immune to sickness and miasma.
Your stone body is resilient. (AC +4)
You are immune to poison.
You resist negative energy. (rN+)
You are resistant to electric shocks. (rElec)
You are resistant to unholy torment.
You are immune to petrification.
You are clumsy. (Dex -2)
Your muscles are strong. (Str +4, Int/Dex -1)
Your spells are a little harder to cast, but a little more powerful.
You expend magic power (3 MP) to strengthen your wands.
You passively dampen the noise of your surroundings.


   Skills:
 - Level 4.3 Fighting
 + Level 5.6 Axes
 - Level 2.1 Armour
 - Level 1.5 Dodging


You had 5 spell levels left.
You didn't know any spells.
Your spell library was empty.

Inventory:

Hand Weapons
 g - a +0 whip
 Y - a +0 hand axe (weapon)
Armour
 d - a +3 ring mail (worn)
Jewellery
 e - a ring of ice
Scrolls
 b - a scroll of teleportation {unknown}
 c - a scroll of poison {unknown}
 f - 2 scrolls of identify
 h - 2 scrolls of enchant armour
 j - a scroll of fog {unknown}
 k - 4 scrolls of magic mapping {unknown}
Potions
 a - a potion of curing {unknown}
 i - a potion of ambrosia {unknown}
 l - a potion of berserk rage {unknown}

Dungeon Overview and Level Annotations

Branches:
Dungeon (4/15)
 Temple: D:4-7

Altars:
Makhleb

Annotations:
D:4 Sigmund


Message History

You're too confused to attack without stumbling around!
There is a strange disturbance nearby!
You feel a strong urge to attack something.
You hear some strange, mumbled words.
A magic dart appears from out of thin air!
The magic dart hits you!
You're too confused to attack without stumbling around!
There is a strange disturbance nearby!
You are no longer berserk.
You are exhausted.
You feel yourself slow down.
You hear some strange, mumbled words.
A puff of flame appears from out of thin air!
The puff of flame hits you!
You're too confused to attack without stumbling around!
There is a strange disturbance nearby!
Something hits you but does no damage.
You're too confused to attack without stumbling around!
There is a strange disturbance nearby!
You feel less confused. Something hits you but does no damage.
You hit something. Something hits you.
You slash something! Something hits you but does no damage.
You hit something. Something hits you.
You miss something. Something hits you.
You closely miss something. Something hits you.
You closely miss something. Something hits you but does no damage.
You closely miss something.
You hear some strange, mumbled words.
A puff of flame appears from out of thin air!
The puff of flame hits you. Something hits you.
You hit something. Something hits you!
You die...

.[....#
##..##..%.#......
..#####
######..########
.## #.....### .#
#########.......#
.#
#..........%.##.#
.#
#........<....#.#
.#
#........$....(.#
.
#.........#######
# #......@.##
####...{.#
#.....# #.....#
#...... ########


There were no monsters in sight!

Vanquished Creatures
  A scorpion (D:3)
  Ijyb (D:3)
  2 iguanas
  A gnoll (D:1)
  3 adders
  2 worms
  A dart slug (D:1)
  An orc (D:4)
  2 ball pythons (D:2)
  6 endoplasms
  7 giant cockroaches
  2 goblins
  8 hobgoblins
  14 jackals
  7 kobolds
  4 bats
  4 frilled lizards
  6 rats
72 creatures vanquished.

Notes
Turn   | Place    | Note
-------+----------+-------------------------------------------
     0 | D:1      | qw the Gargoyle Berserker began the quest for the Orb.
     0 | D:1      | Reached XP level 1. HP: 14/14 MP: 1/1
     0 | D:1      | 0 ||| qw: Version: 0.1-a-107-g9ff403c
     0 | D:1      | 0 ||| qw: Game counter: 6157
     0 | D:1      | 0 ||| qw: Always use a shield: true
     0 | D:1      | 0 ||| qw: Do Orc after D:15 true
     0 | D:1      | 0 ||| qw: Do second Lair branch before Depths: true
     0 | D:1      | 0 ||| qw: Lair rune preference: random
     0 | D:1      | 0 ||| qw: Plans: Normal
     0 | D:1      | 0 ||| PLANNING D:1-11
    76 | D:1      | 76 ||| Stepping ~*~*~tactically~*~*~ (stealth).
    77 | D:1      | 77 ||| Stepping ~*~*~tactically~*~*~ (stealth).
    79 | D:1      | Reached skill level 3 in Axes
   140 | D:1      | 140 ||| INVOKING Berserk.
   143 | D:1      | Reached XP level 2. HP: 19/19 MP: 2/2
   290 | D:1      | Reached XP level 3. HP: 23/23 MP: 3/3
   320 | D:1      | Found a faded altar of an unknown god.
   359 | D:1      | 359 ||| DROPPING +0 club.
   444 | D:1      | 444 ||| INVOKING Berserk.
   678 | D:1      | Reached skill level 4 in Axes
   867 | D:1      | 867 ||| UPGRADING to +3 ring mail.
   877 | D:1      | 877 ||| DROPPING +0 animal skin.
   878 | D:1      | 878 ||| DROPPING amulet of magic regeneration.
   926 | D:2      | 926 ||| Stepping ~*~*~tactically~*~*~ (stealth).
   988 | D:2      | 988 ||| Stepping ~*~*~tactically~*~*~ (stealth).
  1029 | D:2      | 1029 ||| INVOKING Berserk.
  1331 | D:2      | 1331 ||| Stepping ~*~*~tactically~*~*~ (hiding).
  1344 | D:2      | 1344 ||| INVOKING Berserk.
  1385 | D:2      | 1385 ||| Stepping ~*~*~tactically~*~*~ (stealth).
  1386 | D:2      | 1386 ||| Stepping ~*~*~tactically~*~*~ (stealth).
  1387 | D:2      | 1387 ||| Stepping ~*~*~tactically~*~*~ (stealth).
  1388 | D:2      | 1388 ||| Stepping ~*~*~tactically~*~*~ (stealth).
  1396 | D:2      | Reached XP level 4. HP: 28/28 MP: 4/4
  1492 | D:2      | Reached ** piety under Trog
  1602 | D:2      | 1602 ||| Stepping ~*~*~tactically~*~*~ (stealth).
  1603 | D:2      | 1603 ||| Stepping ~*~*~tactically~*~*~ (stealth).
  1610 | D:2      | 1610 ||| Stepping ~*~*~tactically~*~*~ (stealth).
  1703 | D:2      | 1703 ||| Stepping ~*~*~tactically~*~*~ (stealth).
  1794 | D:2      | 1794 ||| READING scroll labelled NESADE FILI.
  1795 | D:2      | 1795 ||| READING 3 scrolls labelled BEMOISASHE.
  1796 | D:2      | 1796 ||| DRINKING 2 murky grey potions.
  1797 | D:2      | 1797 ||| DROPPING potion of brilliance.
  1868 | D:3      | Noticed Ijyb
  1871 | D:3      | 1871 ||| INVOKING Berserk.
  1880 | D:3      | Killed Ijyb
  1881 | D:3      | Reached skill level 5 in Axes
  1997 | D:3      | Reached XP level 5. HP: 31/32 MP: 5/5
  2877 | D:3      | Found a burning altar of Makhleb.
  2993 | D:3      | 2993 ||| READING 2 scrolls labelled AVAB EFUNG.
  2994 | D:3      | 2994 ||| READING scroll labelled KOTAUCI IRROT.
  2995 | D:3      | 2995 ||| READING scroll labelled LAICAU PEUZI.
  2996 | D:3      | 2996 ||| DRINKING 2 blue potions.
  2996 | D:3      | Gained mutation: You passively dampen the noise of your
                  | surroundings. [potion of mutation]
  2996 | D:3      | Gained mutation: You have hidden genetic defects. [potion
                  | of mutation]
  2997 | D:3      | 2997 ||| READING 2 scrolls of identify.
  2997 | D:3      | 2997 ||| IDENTIFYING orange potion
  2998 | D:3      | 2998 ||| DROPPING scroll of immolation.
  2999 | D:3      | 2999 ||| DROPPING potion of lignification.
  3041 | D:4      | 3041 ||| STAIRDANCE
  3046 | D:3      | 3046 ||| INVOKING Berserk.
  3217 | D:4      | Gained mutation: You are dopey. (Int -2) [hidden defects]
  3287 | D:4      | Reached XP level 6. HP: 39/39 MP: 6/6
  3363 | D:4      | Gained mutation: You occasionally lose the ability to read
                  | scrolls when taking damage. [hidden defects]
  3363 | D:4      | Lost mutation: You have hidden genetic defects. [hidden
                  | defects expressed]
  3401 | D:4      | 3401 ||| DRINKING potion of mutation.
  3401 | D:4      | Lost mutation: You occasionally lose the ability to read
                  | scrolls when taking damage. [potion of mutation]
  3401 | D:4      | Lost mutation: You are dopey. (Int -2) [potion of mutation]
  3401 | D:4      | Gained mutation: Your spells are a little harder to cast,
                  | but a little more powerful. [potion of mutation]
  3401 | D:4      | Gained mutation: You are clumsy. (Dex -2) [potion of
                  | mutation]
  3401 | D:4      | Gained mutation: You expend magic power (3 MP) to
                  | strengthen your wands. [potion of mutation]
  3401 | D:4      | Gained mutation: Your muscles are strong. (Str +4, Int/Dex
                  | -1) [potion of mutation]
  3404 | D:4      | Noticed Sigmund
  3407 | D:4      | 3407 ||| INVOKING Berserk.
  3427 | D:4      | HP: 9/39 [something/puff of flame (6)]
  3428 | D:4      | Slain by Sigmund

Levels and vault maps discovered:
D:1:      wheals_arrival_shading, layout_rooms,
          shapermc_ecumenical_altar_totnotflames, ebering_dispersal_statue_hall
D:2:      layout_rooms, hangedman_decor_slide_cut, nicolae_titane
D:3:      layout_loops_corners, mainiacjoe_overflow_alcove_2, uniq_ijyb
D:4:      layout_basic, slow_altar_2, hangedman_abyss_or_decor_slice,
          kennysheep_small_square, uniq_sigmund

Skill      XL: |  1  2  3  4  5 |
---------------+----------------+-----
Axes           | 3 4 5 |  5.6
Fighting       | 4 |  4.3
Armour         | |  2.1
Dodging        | |  1.5

Action                   |  1- 3 |  4- 6 || total
-------------------------+-------+-------++-------
Melee: Hand axe          |   113 |   149 ||   262
       Punch             |       |     3 ||     3
Invok: Berserk           |     4 |     3 ||     7
  Use: Scroll            |       |     6 ||     6
       Potion            |       |     3 ||     3
Armor: Animal skin       |    28 |       ||    28
       Ring mail         |    17 |    67 ||    84
Dodge: Dodged            |    75 |    70 ||   145

Table legend:
 A = Non-vault XP
 B = Vault XP
 C = Vault XP percentage of total XP
 D = Non-vault monster count
 E = Vault monster count
 F = Vault count percentage of total count
                 A         B        C        D         E       F
            +---------+---------+-------+---------+---------+-------
      Total |     323 |      38 |  10.5 |      71 |       1 |   1.4
            +---------+---------+-------+---------+---------+-------
        D:1 |      55 |       0 |   0.0 |      25 |       0 |   0.0
        D:2 |      70 |       0 |   0.0 |      26 |       0 |   0.0
        D:3 |     132 |      38 |  22.4 |      12 |       1 |   7.7
        D:4 |      66 |       0 |   0.0 |       8 |       0 |   0.0
            +---------+---------+-------+---------+---------+-------
